[Event "*** MasterClass Titled Tuesday Blitz"]
[Site "Chess.com"]
[Date "2017.12.12"]
[Round "6"]
[White "Sam_ChessMood"]
[Black "RoelandPruijssers"]
[Result "0-1"]
[WhiteElo "2600"]
[BlackElo "2509"]
[TimeControl "180+2"]
[EndTime "14:25:59 PST"]
[Termination "RoelandPruijssers won by resignation"]

1. e4 c5 2. Nf3 d6 3. d4 cxd4 4.
Nxd4 Nf6 5. Nc3 Nc6 6. Bg5 Bd7 7.
Qd2 Nxd4 8. Qxd4 Qa5 9. Bd2 e5 10. Qd3 Qc7 11. O-O-O Be7 12. Bg5 Be6 13. Nb5 Qc6 14.
Bxf6 gxf6 15. Nxd6+ Kf8 16. Nf5 Bxf5 17. exf5 Rd8 18.
Qe2 Rxd1+ 19. Qxd1 Bc5 20. Bc4 Bxf2 21. Bd5 Qc5 22.
Bxb7 Ke7 23. Qd5 Qb6 24. Rd1 Rb8 25. Qd7+ Kf8 26. Bd5 Be3+ 27. Rd2 Kg7 28. Qxf7+ Kh8 29. Kd1 Bxd2 30. Kxd2 Rc8 31. c4 Qxb2+ 32. Ke1 Qb1+ 33. Ke2 Qxa2+ 34. Kf3 Qa3+ 35. Kg4 Qd6 36. Qxa7 Qf8 37.
Kf3 Qh6 38. g3 Qxh2 39. Qd7 Rb8 40. c5 Qh1+ 41. Ke3 Qg1+ 42. Kf3 Qxc5 43. Qe6 Rf8 44. g4 Qc7 45. g5 Qg7 46. gxf6 Qxf6 47. Qxf6+ Rxf6 48.
Ke4 Kg7 49. Kxe5 Rb6 50. Be6 Rb5+ 51. Kf4 Kf6 52. Kg4 Rb4+ 53. Kh5 Rb1 54. Kg4 Rg1+ 55. Kh4 Rh1+ 56. Kg4 h5+ 57. Kg3 Kg5 58. Kg2 Rc1 59. Kg3 Rc3+ 60. Kg2 h4 61. Kh2 Re3 62. Kg2 Kg4 63.
f6+ Rxe6 0-1

[Event "*** MasterClass Titled Tuesday Blitz"]
[Site "Chess.com"]
[Date "2017.12.12"]
[Round "6"]
[White "FMJoseHerrera"]
[Black "SharkAnto55"]
[Result "0-1"]
[WhiteElo "2421"]
[BlackElo "2372"]
[TimeControl "180+2"]
[EndTime "14:26:11 PST"]
[Termination "SharkAnto55 won by checkmate"]

1. Nf3 d5 2. g3 Bg4 3. Bg2 Nd7 4. O-O c6 5. d3 e6 6. Nbd2 Bd6 7. c3 Ne7 8. Qb3 Qb6 9. Rd1 O-O 10. Nf1 a5 11. e4 Qxb3 12. axb3 Ne5 13. N1d2 Nxd3 14. exd5 exd5 15.
h3 Bh5 16. Nf1 Nc5 17. g4 Bg6 18. Nd4 f5 19. Bg5 fxg4 20. hxg4 h6 21. Be3 Rfe8 22. Nd2 Nd3 23. Ra2 h5 24. g5 Nf5 25. Nxf5 Bxf5 26. Nf3 Nc5 27. Nd4 Bg4 28. Rda1 Nd3 29. Rxa5 Rxa5 30.
Rxa5 Nxb2 31. Ra7 Re7 32. b4 Nc4 33. Nc2 Kh7 34. b5 Bf5 35. bxc6 bxc6 36. Rxe7 Bxe7 37. Nd4 Nxe3 38. fxe3 Bd7 39. e4 dxe4 40. Bxe4+ g6 41. Nxc6 Bxg5 42. Ne5 Be8 43. c4 Bf6 44. Nd3 Kg7 45.
Kg2 Bd4 46. Kf3 Kf6 47. Nf4 g5 48. Nd5+ Ke5 49. Nc7 Bd7 50. Bd5 g4+ 51. Kg2 h4 52. Nb5 Be3 53. Nc3 Bf4 54. Ne2 h3+ 55. Kh1 g3 56.
Bf3 Be6 57. c5 Bc4 58. Ng1 Be6 59. c6 Kd4 60. Ne2+ Ke3 61. Nxf4 Kxf4 62. Be2 Bd5+ 63. Kg1 h2+ 64. Kf1 h1=Q# 0-1

[Event "*** MasterClass Titled Tuesday Blitz"]
[Site "Chess.com"]
[Date "2017.12.12"]
[Round "6"]
[White "Tash_Boy"]
[Black "Schemato"]
[Result "1-0"]
[WhiteElo "2460"]
[BlackElo "2305"]
[TimeControl "180+2"]
[EndTime "14:26:34 PST"]
[Termination "Tash_Boy won by checkmate"]

1. d4 e6 2. c4 f5 3. Nc3 Nf6 4. g3 c6 5. Bg2 d5 6. Nf3 Bd6 7. O-O O-O 8. Bf4 Bxf4 9. gxf4 Nbd7 10. e3 Kh8 11. c5 Rg8 12. Ng5 Qe7 13. h4 h6 14. Nf3 Ne4 15. Kh2 Ndf6 16. Ne5 Kh7 17.
Nxe4 dxe4 18. Rh1 Bd7 19. Bf1 Be8 20. Be2 Nd7 21. Nc4 Bf7 22. Kg1 Nf6 23. Kf1 Qe8 24.
Nd6 Qe7 25. Rc1 a6 26. Ke1 Rad8 27. Nc4 Qe8 28. Qb3 Qe7 29. Na5 Rd7 30. Nc4 Bh5 31. Ne5 Rdd8 32. Bc4 Rde8 33. Kd2 Ng4 34. Nxg4 Bxg4 35.
Rc3 Kg6 36. Kc2 Kf6 37. Qb4 Rd8 38. Rb3 Rd7 39. Qc3 Kf7 40. Rb6 Bf3 41. Rh2 Re8 42.
Qb3 Kf6 43. a3 g6 44. Qc3 Kf7 45. Qe1 Rg8 46. Kb3 Rg7 47. Ka2 Ke8 48. Qa5 Qf7 49.
Rh3 Rc7 50. Rg3 Qe7 51. Rb3 Kd7 52. Qe1 Qxh4 53. Rb6 Qe7 54. Qg1 g5 55. fxg5 hxg5 56. Qh2 Rh7 57. Rh3 Rxh3 58. Qxh3 g4 59. Qh6 Kc8 60.
Bxe6+ Kb8 61. Bxf5 Ka7 62. Rb3 Qf7 63. Be6 Qg7 64. Qxg7 Rxg7 65. Rc3 g3 66. fxg3 Rxg3 67. d5 cxd5 68. Bxd5 Bg2 69. Rb3 a5 70. Rxb7+ Ka6 71. c6 Bh3 72. Bc4# 1-0

[Event "*** MasterClass Titled Tuesday Blitz"]
[Site "Chess.com"]
[Date "2017.12.12"]
[Round "6"]
[White "Hanging_pointer"]
[Black "nicegg"]
[Result "0-1"]
[WhiteElo "2266"]
[BlackElo "1987"]
[TimeControl "180+2"]
[EndTime "14:26:38 PST"]
[Termination "nicegg won by resignation"]

1. Nf3 d5 2. g3 d4 3. Bg2 c5 4. O-O Nc6 5. c3 e5 6. cxd4 exd4 7. d3 Nf6 8. a3 Be7 9. b4 cxb4 10. axb4 Bxb4 11.
Qa4 O-O 12. Ne5 a5 13. Nxc6 bxc6 14. Bxc6 Bd7 15. Bg5 Bxc6 16. Qxc6 Rc8 17. Qf3 Qd5 18. Bxf6 Qxf3 19. exf3 gxf6 20. Rd1 Rfe8 21. Kf1 Rc2 22. Na3 Bxa3 23. Rxa3 Ree2 24. Rxa5 Rxf2+ 25. Kg1 Rg2+ 26. Kf1 Rxh2 27. Kg1 Rcg2+ 28. Kf1 Rxg3 29. Rf5 Kg7 30. Rf4 Rh1+ 31. Kf2 Rxd1 32. Kxg3 Rxd3 33. Rg4+ Kf8 34.
Rh4 Rd1 35. Kf4 d3 36. Ke3 Kg7 37. Rg4+ Kh6 38. Rh4+ Kg6 39. Rg4+ Kf5 40. Rh4 Kg6 41. Rg4+ Kh5 42. Rf4 Kg6 43. Rg4+ Kf5 44. Rh4 Ke6 45. Rxh7 f5 46. Rh4 Ke5 47. f4+ Kd5 48. Rh8 d2 49. Rd8+ Kc4 50. Rc8+ Kd5 51. Rd8+ Ke6 52. Re8+ Kf6 53.
Ra8 Rf1 54. Ra6+ Kg7 55. Kxd2 Rxf4 56. Ke3 Re4+ 57. Kf3 Re6 58. Ra5 Kf6 59. Ra8 Rb6 60. Ra3 Rb4 61. Ra6+ Kg5 62. Ra3 f6 63. Rc3 Rf4+ 64.
Kg3 Rg4+ 65. Kf3 Rh4 66. Rc5 Rh3+ 67. Kg2 Ra3 68. Kf2 Kg4 69. Rc4+ f4 70. Rb4 Ra2+ 71.
Kf1 f5 72. Rb3 f3 73. Rb4+ Kg3 74. Rb1 Rh2 75. Kg1 f2+ 0-1

[Event "*** MasterClass Titled Tuesday Blitz"]
[Site "Chess.com"]
[Date "2017.12.12"]
[Round "6"]
[White "TST2014"]
[Black "lucasmito"]
[Result "0-1"]
[WhiteElo "2255"]
[BlackElo "2244"]
[TimeControl "180+2"]
[EndTime "14:26:49 PST"]
[Termination "lucasmito won on time"]

1. d4 Nf6 2. c4 g6 3. Nf3 Bg7 4. Nc3 c6 5. e4 d6 6. Be2 Nbd7 7. O-O e5 8. d5 cxd5 9. cxd5 Nc5 10. Qc2 a5 11.
Nd2 O-O 12. Nc4 Ne8 13. Be3 b6 14. f4 exf4 15. Bxf4 Ba6 16. e5 Bxc4 17. Bxc4 dxe5 18. Be3 Rc8 19. Qe2 Nd6 20. Bb5 e4 21. Bc6 Qe7 22. Rae1 Nd3 23. Bxb6 Nxe1 24. Rxe1 Rb8 25. Bc5 Qc7 26. Kh1 f5 27. Nb5 Nxb5 28. Bxf8 Rxf8 29. Qxb5 Rb8 30. Qc5 Be5 31. Rd1 Bd6 32. Qc3 Bxh2 33. d6 Bxd6 34. Bd5+ Kf8 35. Qh8+ Ke7 36. Qxh7+ Kf6 37.
Qf7+ Qxf7 38. Bxf7 Kxf7 39. Rxd6 Rxb2 40. a4 Rb4 41. g4 Rxa4 42. gxf5 gxf5 43. Kg2 Ra3 44. Rb6 a4 45. Kf2 Rf3+ 46. Ke2 a3 47. Ra6 f4 48. Ra4 Re3+ 49. Kd2 Ke6 50. Ra5 Rh3 51. Ra4 Kf5 52. Ra5+ Kg4 53. Ra4 e3+ 54. Kd3 Kf3 55. Rxa3 Rh2 56.
Kd4 Rd2+ 57. Ke5 Rd8 58. Rb3 Re8+ 59. Kd4 Kf2 60. Kd3 e2 61. Rb2 Kf1 62. Rb4 f3 63.
Rf4 e1=Q 64. Rxf3+ Kg2 65. Rf2+ Qxf2 0-1

[Event "*** MasterClass Titled Tuesday Blitz"]
[Site "Chess.com"]
[Date "2017.12.12"]
[Round "6"]
[White "RobertoJBM"]
[Black "Oleksandr_Bortnyk"]
[Result "1-0"]
[WhiteElo "2635"]
[BlackElo "2796"]
[TimeControl "180+2"]
[EndTime "14:26:50 PST"]
[Termination "RobertoJBM won by checkmate"]

1. d4 d6 2. e4 Nf6 3. Nc3 Nbd7 4.
Nf3 e5 5. Bc4 Be7 6. O-O O-O 7.
Re1 a6 8. a4 b6 9. b3 Bb7 10.
d5 h6 11. b4 Nh7 12. b5 a5 13. Ne2 f5 14. exf5 Rxf5 15. Ng3 Rf8 16. Bd3 Nc5 17. Bf5 Bc8 18. Bxc8 Qxc8 19. Be3 Qg4 20. Bxc5 bxc5 21.
h3 Qg6 22. Qd3 Qxd3 23. cxd3 Nf6 24. d4 cxd4 25. Nxd4 Nxd5 26. Nc6 Bh4 27. Ne4 Rf7 28. g3 Bg5 29. Rad1 Nb6 30. h4 Bf6 31. Nc3 g5 32.
hxg5 Bxg5 33. Re4 Raf8 34. Nxa5 Rxf2 35. Nc4 R2f3 36. Nxb6 Rxc3 37. Nd5 Rxg3+ 38. Kh2 Rff3 39. Nxc7 Bf4 40. Rg1 Rg5+ 41. Rxf4 exf4 42. b6 Rb3 43. Nb5 Rb2+ 44. Kh1 f3 45. b7 Kh7 46. Rxg5 hxg5 47. b8=Q Rb1+ 48. Kh2 f2 49. Qc7+ Kh6 50. Qxd6+ Kh5 51.
Nc3 Re1 52. Ne2 Rh1+ 53. Kxh1 f1=Q+ 54. Ng1 Qc4 55. Qd1+ Kh6 56. Kg2 Qa2+ 57. Ne2 Qe6 58. Ng3 Qc6+ 59. Kf2 Qc5+ 60. Kf3 Qc6+ 61. Ne4 Qa8 62.
Qd6+ Kh5 63. Qh2+ Kg6 64. Qd6+ Kh5 65. Qe5 Qf8+ 66. Kg3 Qa3+ 67. Qc3 Qxa4 68. Qf3+ Kh6 69. Qf6+ Kh7 70. Nxg5+ Kg8 71. Qf7+ Kh8 72. Qh7# 1-0

[Event "*** MasterClass Titled Tuesday Blitz"]
[Site "Chess.com"]
[Date "2017.12.12"]
[Round "6"]
[White "ShimanovAlex"]
[Black "jcibarra"]
[Result "1/2-1/2"]
[WhiteElo "2652"]
[BlackElo "2689"]
[TimeControl "180+2"]
[EndTime "14:26:50 PST"]
[Termination "Game drawn by repetition"]

1. d4 Nf6 2. c4 d6 3. Nf3 g6 4. Nc3 Bf5 5. Ng5 Bd7 6. e4 e5 7. d5 a5 8. Be2 Na6 9. h4 h6 10. Nf3 Bg7 11. Nh2 Nc5 12. Bf3 c6 13. Be3 cxd5 14.
cxd5 Rc8 15. h5 gxh5 16. Nf1 Qb6 17. Rb1 Qa6 18. Be2 b5 19. Ng3 Qb6 20. Nxh5 Nxh5 21. Bxh5 b4 22. Ne2 Qb5 23. Bxc5 Rxc5 24. Ng3 Qc4 25. Be2 Qc2 26. Bd3 Qxd1+ 27. Kxd1 Bf6 28.
Rc1 Rxc1+ 29. Kxc1 Bg5+ 30. Kd1 Ke7 31. Ke2 Rc8 32. Nf1 Rc1 33. Ng3 Rxh1 34. Nxh1 Kd8 35.
Ng3 Kc7 36. b3 Kb6 37. Bc4 Kc5 38. Kd3 Bh4 39. Nh1 f5 40. f3 f4 41. Ba6 a4 42.
Bc4 a3 43. Ba6 Bg3 44. Kd2 h5 45. Be2 Kd4 46. Bd3 h4 47. Bf1 Ba4 48. Bc4 Be8 49. Be2 Bh5 50. Bd1 Be8 51. Be2 Bd7 52. Bf1 Bh2 53.
Nf2 Bg1 54. Nd3 Be3+ 55. Kc2 Bb5 56. Be2 Bg1 57. Kd2 Be3+ 58. Kc2 Bf2 59. Kd2 Be3+ 60. Kc2 Bg1 61. Kd2 Be3+ 62. Kc2 Bg1 63. Kd2 Ba6 64.
Nxb4 Be3+ 65. Kd1 Bxe2+ 66. Kxe2 Kc3 67. Nc6 Kb2 68. Kd3 Kxa2 69. Kc2 Bb6 70. b4 Ka1 71. b5 Bc5 72. Ne7 Bb6 73. Nf5 Bc5 74. Nxh4 Bb6 75.
Nf5 Bc5 76. Ne7 Bb6 77. Nc8 Bc5 78. Ne7 Bb6 79. Nf5 Bc5 80. Nh6 Bb6 81. Ng8 Bc5 82.
Ne7 Bb6 83. Nf5 1/2-1/2

[Event "*** MasterClass Titled Tuesday Blitz"]
[Site "Chess.com"]
[Date "2017.12.12"]
[Round "6"]
[White "Winehouse83"]
[Black "HarutyunianTigranK"]
[Result "0-1"]
[WhiteElo "2424"]
[BlackElo "2609"]
[TimeControl "180+2"]
[EndTime "14:26:56 PST"]
[Termination "HarutyunianTigranK won by resignation"]

1. d4 Nf6 2. c4 e6 3. Nf3 d5 4. Nc3 Nbd7 5. cxd5 exd5 6. Bg5 h6 7. Bh4 c6 8. e3 g5 9. Bg3 Nh5 10. Be5 Ng7 11.
Bd3 Nxe5 12. Nxe5 Bd6 13. h4 Bxe5 14. dxe5 g4 15. Be2 h5 16. Qd4 Ne6 17. Qb4 Qe7 18.
Qxe7+ Kxe7 19. f4 gxf3 20. gxf3 f6 21. exf6+ Kxf6 22. Rg1 Bd7 23. O-O-O Rag8 24. f4 Rg7 25. Rxg7 Nxg7 26. Rg1 Nf5 27. Kd2 Re8 28. Nd1 d4 29. exd4 Re4 30. Bxh5 Rxd4+ 31. Kc3 Rxf4 32. Bg4 c5 33. h5 b5 34. a3 a5 35. h6 b4+ 36.
axb4 axb4+ 37. Kd2 Rd4+ 38. Kc1 Nxh6 39. Bxd7 Rxd7 40.
Ne3 Rd4 41. Rh1 Nf7 42. Rf1+ Ke6 43. Nc2 Rc4 44. Kd2 Ne5 45. Rh1 Rf4 46. Rh6+ Kd5 47.
Ne3+ Ke4 48. Nd1 Nf3+ 49. Kc1 Nd4 50. Rh5 Rf1 51. Rh4+ Kd3 52. Rh3+ Kc4 53. Kd2 Rg1 54. Ne3+ Kb3 55. Nd1+ Ka2 56. Rh8 Nb3+ 57. Ke2 Rg2+ 58. Ke1 Nd4 59. Ra8+ Kb3 60. Rc8 c4 61. Kf1 Rg3 62.
Kf2 Rd3 63. Ne3 Rd2+ 64. Kg3 Rd3 65. Kf4 Ne2+ 66. Ke4 Ng3+ 67. Kf4 Nh5+ 68. Ke4 Nf6+ 69. Kf4 Rd4+ 70. Kf3 Nd5 71. Nf5 Rf4+ 72. Ke2 Rxf5 73. Kd2 Rf2+ 0-1

[Event "*** MasterClass Titled Tuesday Blitz"]
[Site "Chess.com"]
[Date "2017.12.12"]
[Round "6"]
[White "matiss90"]
[Black "GameOverBro"]
[Result "1/2-1/2"]
[WhiteElo "2331"]
[BlackElo "2242"]
[TimeControl "180+2"]
[EndTime "14:26:56 PST"]
[Termination "Game drawn - insufficient material"]

1. e4 d6 2. d4 Nf6 3. Nc3 e5 4. Nf3 Nbd7 5. Bc4 Be7 6. O-O c6 7. a4 O-O 8. a5 h6 9. Re1 Re8 10.
a6 b5 11. Bb3 b4 12. dxe5 dxe5 13. Nb1 Qc7 14. Be3 Ng4 15. Nbd2 Nxe3 16. Rxe3 Bc5 17.
Re1 Nf6 18. Nc4 Bg4 19. h3 Bh5 20. Ra5 Rad8 21. Qe2 Nd7 22. g4 Bg6 23. Nh4 Kh7 24. Raa1 Nf8 25. Ne3 Ne6 26. Bxe6 Rxe6 27. Nef5 Qb6 28.
Rad1 Ree8 29. Kg2 Bd4 30. Nxd4 Rxd4 31. Rxd4 Qxd4 32. Nxg6 fxg6 33. b3 Rf8 34. Qe3 Qd7 35.
Qc5 Qf7 36. Re2 Qf4 37. Qe3 Qf7 38. Rd2 c5 39. Rd5 Rc8 40. Rxc5 Rd8 41. Rxe5 Qf6 42. Rd5 Rc8 43. Rd2 Qxa6 44. e5 Qb7+ 45. Qf3 Qe7 46. Re2 Rc3 47. Qe4 Rc6 48. e6 Rd6 49. Re3 a5 50.
Re2 Rd8 51. Qe5 Qb7+ 52. Qe4 Qe7 53. h4 Qxh4 54. e7 Re8 55. Rd2 h5 56. Re2 hxg4 57. Qe3 g5 58. Re1 Qh3+ 59. Qxh3+ gxh3+ 60. Kxh3 Kg6 61. Re5 Kf6 62. Rxa5 Rxe7 63. Rc5 Re4 64. Kg3 Kg6 65. f3 Rf4 66. Rc6+ Kh5 67. Rc4 Rxc4 68. bxc4 Kg6 69. Kg4 Kf6 70. c5 Ke6 71. Kxg5 Kd5 72. Kg6 Kxc5 73. Kxg7 Kc4 74. f4 Kc3 75. f5 Kxc2 76.
f6 b3 77. f7 b2 78. f8=Q b1=Q 79. Qf5+ Kc1 80. Qxb1+ Kxb1 1/2-1/2

[Event "*** MasterClass Titled Tuesday Blitz"]
[Site "Chess.com"]
[Date "2017.12.12"]
[Round "6"]
[White "tigra"]
[Black "TomsKantans"]
[Result "1-0"]
[WhiteElo "2657"]
[BlackElo "2455"]
[TimeControl "180+2"]
[EndTime "14:27:06 PST"]
[Termination "tigra won by resignation"]

1. e4 c5 2. Nf3 Nf6 3. e5 Nd5 4.
Nc3 e6 5. Nxd5 exd5 6. d4 Nc6 7. dxc5 Bxc5 8. Qxd5 Qb6 9. Bc4 Bxf2+ 10. Ke2 O-O 11. Rf1 Bc5 12. Ng5 Nd4+ 13. Kd3 Ne6 14. Ne4 d6 15. exd6 Rd8 16. c3 Bxd6 17. Kc2 Qc7 18. Qh5 Qxc4 19. Qxf7+ Kh8 20. Nxd6 Qd5 21. Rd1 Qxg2+ 22.
Rd2 Qh3 23. b3 Rf8 24. Qe7 Qf3 25. Bb2 Nc5 26. Rad1 Bf5+ 27. Nxf5 Qxf5+ 28. Kc1 Rae8 29. Qd6 Ne4 30. Qd4 Nxd2 31. Qxd2 Qf2 32. c4 Re2 33. Qc3 Qf4+ 34. Kb1 Qf5+ 35. Ka1 Qg6 36. a4 Rxh2 37. Ka2 Rc2 38. Qd4 h6 39. Rg1 Qf6 40. Qxf6 Rxf6 41. Kb1 Rxb2+ 42. Kxb2 g5 43. b4 Kg7 44. Kc3 Kg6 45.
Kd4 h5 46. c5 h4 47. b5 Kh5 48.
Ke5 Rg6 49. Rb1 h3 50. a5 g4 51. a6 bxa6 52. b6 axb6 53. cxb6 Kh4 54. b7 Rg8 55. b8=Q Rxb8 56. Rxb8 h2 57. Kf4 Kh3 58. Rb3+ Kg2 59. Rb2+ Kg1 60. Kg3 h1=N+ 61. Kxg4 Nf2+ 62. Kg3 Ne4+ 63. Kf3 Ng5+ 64. Kf4 Ne6+ 65. Ke3 a5 66. Rb5 a4 67.
Re5 Nc7 68. Kd4 Kf2 69. Kc4 Kf3 70. Re7 Na8 71. Kc5 a3 72. Ra7 a2 73. Rxa8 1-0

[Event "*** MasterClass Titled Tuesday Blitz"]
[Site "Chess.com"]
[Date "2017.12.12"]
[Round "6"]
[White "chessking2151"]
[Black "Divertissement"]
[Result "1-0"]
[WhiteElo "2375"]
[BlackElo "2393"]
[TimeControl "180+2"]
[EndTime "14:27:07 PST"]
[Termination "chessking2151 won by resignation"]

1. e4 c5 2. Nf3 Nc6 3. Bb5 Nf6 4. Bxc6 dxc6 5. Nc3 Bg4 6. h3 Bh5 7. d3 e6 8. Be3 Be7 9. g4 Bg6 10. Nd2 e5 11. Nc4 Nd7 12. a4 h5 13. g5 h4 14. Rg1 Qc7 15. Qd2 Bh5 16. f4 O-O-O 17. Qh2 f6 18. g6 b6 19. f5 Nb8 20. a5 b5 21. Nd2 Na6 22. Nb3 Kb8 23. Qf2 Qd6 24. Kf1 Ka8 25. Kg2 Rb8 26. Kh1 Rb7 27.
Rgb1 Rbb8 28. Nc1 Rb7 29. N1a2 Nb4 30. Nxb4 cxb4 31. Na2 c5 32. Nc1 c4 33. a6 Rd7 34.
b3 Qc6 35. bxc4 bxc4 36. Qe1 Bf3+ 37. Kg1 Bxe4 38. dxe4 Qxe4 39. Qe2 Rd1+ 40. Qxd1 Qxe3+ 41. Kg2 Kb8 42. Qf3 Qd2+ 43. Kf1 e4 44. Qxe4 Qd7 45. Qb7+ Qxb7 46. axb7 Bc5 47. Ne2 Kxb7 48. Ra5 Kb6 49. Raa1 a5 50. Nf4 Bd4 51. Ra2 Be5 52. Ne6 Rg8 53. Rd1 b3 54. cxb3 cxb3 55. Re2 a4 56.
Re3 Kb5 57. Nd4+ Kc4 58. Nc6 b2 59. Rb1 Bd4 60. Nxd4 Kxd4 61. Ra3 Rc8 62. Rxb2 Rc4 63. Ke2 Ke4 64. Rf3 a3 65. Ra2 Rb4 66. Kf2 Rc4 67.
Re2+ Kd4 68. Rxa3 Rc5 69. Ra4+ Kd3 70. Ra3+ Kd4 71. Rf3 Rc1 72. Rf4+ Kd5 73. Rxh4 Rc3 74. Rh7 Rc4 75. Rxg7 Rf4+ 76. Kg3 Rxf5 77. h4 Kd4 78.
Rd7+ Kc3 79. g7 Rc5 80. g8=Q f5 81. Rb7 f4+ 82. Kf3 Rc4 83. Qxc4+ Kxc4 84. Kxf4 Kd3 85. Rbe7 Kd4 86. R7e3 1-0

[Event "*** MasterClass Titled Tuesday Blitz"]
[Site "Chess.com"]
[Date "2017.12.12"]
[Round "6"]
[White "Vincent_Vega95"]
[Black "Mykola-Bortnyk"]
[Result "1/2-1/2"]
[WhiteElo "2574"]
[BlackElo "2680"]
[TimeControl "180+2"]
[EndTime "14:27:42 PST"]
[Termination "Game drawn - insufficient material"]

1. Nf3 g6 2. c4 d6 3. e4 Bg7 4. d4 Nf6 5. Nc3 O-O 6. Be2 e5 7. O-O exd4 8. Nxd4 Re8 9. f3 Nc6 10. Nc2 Nd7 11. Bf4 Nb6 12. Qd2 Be6 13. b3 Qf6 14.
Nb5 Qe7 15. Rad1 f5 16. exf5 Bxf5 17. Bd3 Bxd3 18. Qxd3 a6 19. Nc3 Qf6 20. Nd5 Nxd5 21. Qxd5+ Kh8 22. Bc1 Re2 23. Rf2 Rae8 24. Qd3 Rxf2 25. Kxf2 Ne5 26. Qd5 Ng4+ 27. Kg1 Qc3 28. Qd2 Qxd2 29. Bxd2 Nf6 30. Kf2 Kg8 31. Ba5 Re7 32. Rd3 Kf7 33. Bc3 Ne8 34. Ne3 Bxc3 35. Rxc3 c6 36. Rd3 Ke6 37. h4 Nf6 38. g4 b5 39. Kg3 bxc4 40. Nxc4 d5 41. Ne3 Kd6 42.
Kf4 Nd7 43. Rd1 Ne5 44. Nc4+ Nxc4 45. bxc4 Rf7+ 46. Ke3 Rb7 47. cxd5 cxd5 48. Rd4 Kc5 49. Ra4 Rb6 50. Ra5+ Kc4 51. Ra4+ Kb5 52. Rd4 Kc5 53. Ra4 h5 54. gxh5 gxh5 55. f4 Rb1 56. Rxa6 d4+ 57.
Kd3 Rd1+ 58. Ke2 Rh1 59. f5 Rxh4 60. f6 Rf4 61. Kd3 h4 62. Ra5+ Kd6 63. Rh5 Ke6 64.
Rh6 Kf5 65. f7 Kg5 66. Rh8 Rxf7 67. Kxd4 Kg4 68. Kc4 Ra7 69. Kb3 h3 70. a4 Ra5 71.
Kb4 Rh5 72. Rg8+ Rg5 73. Rh8 Rh5 74. Rg8+ Kf3 75. Rg1 Kf2 76. Rb1 h2 77. a5 Re5 78.
Rh1 Kg2 79. Rxh2+ Kxh2 80. a6 Kg3 81. a7 Re8 82. Kb5 Kf4 83. Kc6 Ke5 84. Kb7 Re7+ 85. Kb6 Re8 86. Kb7 Kd6 87. a8=Q Rxa8 88. Kxa8 1/2-1/2

[Event "*** MasterClass Titled Tuesday Blitz"]
[Site "Chess.com"]
[Date "2017.12.12"]
[Round "6"]
[White "Enzy63"]
[Black "BillCoe"]
[Result "1-0"]
[WhiteElo "2076"]
[BlackElo "1892"]
[TimeControl "180+2"]
[EndTime "14:27:42 PST"]
[Termination "Enzy63 won by checkmate"]

1. d4 d5 2. Nf3 e6 3. g3 Nf6 4. Bg2 g6 5. O-O Bg7 6. c4 c6 7. Qb3 O-O 8. Nc3 Nbd7 9. Bf4 b6 10. Ne5 Bb7 11. e4 dxc4 12. Nxc4 Ba6 13. Rfd1 Bxc4 14.
Qxc4 Qc8 15. Rac1 Re8 16. Qa4 Qb7 17. b4 b5 18. Qa5 Nb6 19. Bf1 Rad8 20. Qa3 Nh5 21.
Be3 Bf8 22. Qb3 Nf6 23. f3 Rd7 24. Rb1 Red8 25. a4 a6 26. a5 Nc8 27. Bg2 Bg7 28.
h3 Ne7 29. Ne2 Ne8 30. Rbc1 Nd6 31. Rc2 Nc4 32. Rxc4 bxc4 33. Qxc4 Rb8 34. Rb1 Qb5 35. Qc2 Nc8 36. Bf1 Qb7 37. Bf4 Nd6 38. Be3 Nb5 39.
Qc4 Rbd8 40. Rd1 Nd6 41. Qc2 Nb5 42. Qc4 Bf8 43. g4 Nd6 44. Qc3 Rb8 45. Rb1 Nb5 46.
Qc4 Rbd8 47. Rb3 Qa7 48. Bf2 Qb7 49. Bg2 Bg7 50. Rd3 Rc8 51. f4 Rcd8 52. e5 Rc8 53. Nc3 Na3 54. Qb3 Nb5 55. Ne4 Rcd8 56. Nc5 Qc8 57. Nxd7 Qxd7 58. Qc4 Rc8 59. Be4 Bf8 60.
Be1 Rd8 61. Bf2 Rc8 62. Rd1 Be7 63. Bf3 Rc7 64. Rc1 Bd8 65. Bxc6 Qe7 66. Qb3 Qf8 67.
Rc5 Na7 68. Bf3 Rxc5 69. bxc5 Nc6 70. Bxc6 Bxa5 71. Qb7 Bd2 72. Bg3 Qd8 73. Bd7 Qa5 74. Qc8+ Kg7 75. Bh4 Qa1+ 76. Kg2 g5 77. Bxg5 Qxd4 78.
Bf6+ Kg6 79. Qg8+ Kh6 80. Qg7# 1-0

[Event "*** MasterClass Titled Tuesday Blitz"]
[Site "Chess.com"]
[Date "2017.12.12"]
[Round "6"]
[White "champ1000"]
[Black "KhalilMousavi77"]
[Result "0-1"]
[WhiteElo "2264"]
[BlackElo "2460"]
[TimeControl "180+2"]
[EndTime "14:27:54 PST"]
[Termination "KhalilMousavi77 won by resignation"]

1. e4 c5 2. Nf3 e6 3. b3 d6 4. Bb2 e5 5. a4 Nc6 6. Nc3 Nf6 7. h3 Be7 8. Bc4 O-O 9. O-O Nd4 10. Re1 Be6 11.
Bf1 h6 12. d3 Rc8 13. Nb1 g5 14. Nh2 Kh7 15. Nd2 Rg8 16. c3 Nc6 17. Be2 Qd7 18. Ng4 Nxg4 19. Bxg4 Nd8 20. Nc4 Bxg4 21. hxg4 Ne6 22.
Ne3 Bf8 23. Qf3 Rg6 24. g3 Ng7 25. Nd5 Qe6 26. Kg2 Ne8 27. c4 Bg7 28. Rh1 Kg8 29. Qf5 Rd8 30. a5 Bf8 31. Bc3 Ng7 32. Qf3 Ne8 33. Rh2 Nf6 34. Ne3 Ne8 35. Rah1 b6 36. axb6 axb6 37. Ra1 b5 38. Ra6 bxc4 39. bxc4 Rb8 40.
Nf5 Rb1 41. Bd2 Qc8 42. Ra7 Rb7 43. Rxb7 Qxb7 44. Be3 Qb3 45. Qe2 Nc7 46. Rh1 Ne6 47. Rc1 Nc7 48. Qc2 Qxc2 49. Rxc2 Na6 50. Rc3 Nb4 51.
Rb3 Re6 52. Bd2 Re8 53. Ne3 Nc6 54. Bc3 Ra8 55. Nd5 Kg7 56. Rb7 Nd4 57. Bxd4 exd4 58. Kf3 Ra3 59. Ke2 Ra2+ 60. Ke1 Rc2 61. Rd7 Rc1+ 62.
Ke2 Rb1 63. Ne7 Bxe7 64. Rxe7 Kf6 65. Rd7 Ke6 66. Rc7 Rh1 67. f4 Rh2+ 68. Kf3 Rd2 69. f5+ Kf6 70. e5+ dxe5 71. Ke4 Re2+ 72. Kd5 Re3 73.
Rc6+ Kg7 74. Kxc5 Rxg3 75. Kd5 Rxd3 76. Kxe5 Rd1 77. Rd6 d3 78. c5 d2 79. Rd4 Re1+ 80. Kd5 d1=Q 81. Rxd1 Rxd1+ 82. Kc6 Kf6 83. Kc7 Ke5 84. c6 Kf4 85. Kc8 Kxg4 0-1

[Event "*** MasterClass Titled Tuesday Blitz"]
[Site "Chess.com"]
[Date "2017.12.12"]
[Round "6"]
[White "MITerryble"]
[Black "Yaacovn"]
[Result "1/2-1/2"]
[WhiteElo "2664"]
[BlackElo "2646"]
[TimeControl "180+2"]
[EndTime "14:29:54 PST"]
[Termination "Game drawn by repetition"]

1. d4 Nf6 2. Nf3 d5 3. c4 c6 4. e3 Bg4 5. Qb3 Qb6 6. Ne5 Be6 7. Nc3 Nbd7 8. Nxd7 Bxd7 9. cxd5 Qxb3 10. axb3 Nxd5 11. Nxd5 cxd5 12. Bd3 e6 13. Bd2 Bd6 14. Ke2 Ke7 15. Rhc1 a6 16. Ba5 Rhc8 17. Bb6 Ke8 18. Bc5 Bc7 19. Rc3 g6 20. h3 Bb5 21. Bxb5+ axb5 22. Rcc1 Kd7 23. g4 Bd8 24. Kd3 Bh4 25.
f3 Bd8 26. Rxa8 Rxa8 27. Bb4 Bb6 28. e4 Rc8 29. Re1 Re8 30. Ra1 Rc8 31. Bc3 Rh8 32. Re1 Bc7 33. Bd2 h5 34. g5 Ra8 35.
Rc1 Bd6 36. Rd1 Ra2 37. Rb1 Ra6 38. Rd1 Kd8 39. Rf1 Kd7 40. Rd1 Be7 41. Rc1 Ra2 42. Kc2 Bd6 43. Be3 Ra6 44. Kd3 Ra2 45. Rb1 Bb8 46.
Bd2 Bd6 47. Be3 Ra8 48. Bd2 Rc8 49. Ra1 Bc7 50. Ra7 Kc6 51. Ra1 Bd6 52. Rc1+ Kd7 53. Ra1 Bc7 54. Ra2 Bd6 55. Ra1 Bb8 56. Rb1 b6 57.
Re1 Kc6 58. Rc1+ Kd7 59. Ra1 Kc6 60. Rc1+ Kb7 61. Rd1 Bd6 62. Rf1 Rf8 63. Re1 Kc6 64. Rc1+ Kb7 65. Rf1 Bc7 66. Rc1 Ra8 67. Rd1 Bd6 68.
Rb1 Ra2 69. Kc2 Ra8 70. Kd3 Rd8 71.
Rd1 Be7 72. Be3 Bd6 73. Ke2 Rc8 74. Kd3 Rc7 75. Bd2 Rd7 76. Be3 Rd8 77. Ke2 Be7 78.
Kd3 Ra8 79. Rc1 Rc8 80. Rd1 Rc7 81. Rb1 Rc6 82. Bf4 Rc8 83. Rd1 Bb4 84. Bd2 Bd6 85. Be3 Ra8 86. Bd2 Kc8 87. Re1 Kd7 88. Rc1 b4 89. Rd1 Ra2 90. Kc2 Ra8 91. Be3 Rc8+ 92. Kd3 Ra8 93. Rf1 Ra2 94. Kc2 Ra5 95. Re1 Be7 96.
Rg1 Bd6 97. Kd3 Ra8 98. Rc1 Ra2 99. Rb1 Be7 100. Bd2 Ra5 101. Rg1 Ra8 102. Kc2 Bd6 103. Kd3 Kc6 104. Rc1+ Kd7 105. Rg1 Ra5 106. Kc2 Ra8 107. Kd3 Ra7 108. Rc1 Ra8 109. Rg1 Ra2 110. Rb1 Ra5 111. Be3 Be7 112. Rg1 Ra8 113. Bd2 Ra5 114. Kc2 Ra8 115. Bf4 Ra2 116. Kb1 Ra5 117. Kc2 Ra8 118. Kd3 Ra5 119. Bd2 Bd6 120. Rc1 Ra2 121. Kc2 Ra5 122. Kd3 Ra8 123. Rg1 1/2-1/2